 Dungeon Crawl Stone Soup version 0.28.0-45-g0d030f2227 (webtiles) character file.

Game seed: 6299351763170017290

4 Faeu the Skirmisher (level 1, 0/20 HPs)
             Began as a Minotaur Fighter on Apr 2, 2022.
             Succumbed to an adder's poison
             ... on level 2 of the Dungeon.
             The game lasted 00:01:17 (93 turns).

Faeu the Skirmisher (Minotaur Fighter)                Turns: 93, Time: 00:01:17

Health: 0/20       AC:  7    Str: 20    XL:     1   Next: 58%
Magic:  0/0        EV:  9    Int:  5    God:
Gold:   20         SH:  4    Dex:  9    Spells: 0/0 levels left

rFire   . . .      SeeInvis .   a - +0 war axe {axe}
rCold   . . .      Faith    .   c - +0 buckler
rNeg    . . .      Spirit   .   b - +0 scale mail
rPois   .          Reflect  .   (helmet restricted)
rElec   .          Harm     .   (no cloak)
rCorr   .          Rampage  .   (no gloves)
Will    .....                   (no boots)
Stlth   ..........              (no amulet)
HPRegen 0.06/turn               (no ring)
MPRegen 0.07/turn               (no ring)

@: lethally poisoned (0 -> -1)
A: horns 2, retaliatory headbutt
a: no special abilities


You were on level 2 of the Dungeon.
You visited 1 branch of the dungeon, and saw 2 of its levels.

You collected 20 gold pieces.


Innate Abilities, Weirdness & Mutations

You have a pair of horns on your head.
You reflexively headbutt those who attack you in melee.


   Skills:
 + Level 3.7 Fighting
 + Level 2.5 Axes
 + Level 0.2 Throwing
 + Level 3.7 Armour
 + Level 0.2 Dodging
 + Level 3.7 Shields


You couldn't memorise any spells.
You didn't know any spells.
Your spell library was empty.

Inventory:

Hand Weapons
 a - a +0 war axe (weapon) {axe}
 f - a +1 dagger of protection {short}
   (You took it off a goblin on level 2 of the Dungeon)
Missiles
 g - 5 atropa-tipped darts (quivered) {throwing}
Armour
 b - a +0 scale mail (worn)
 c - a +0 buckler (worn)
Scrolls
 e - 2 scrolls of teleportation {unknown}
Potions
 d - a potion of might

Dungeon Overview and Level Annotations

Branches:
Dungeon (1/15)

Altars:

.......##...
...........# ..##..?...
.....<.>.#.# #.........
...(...###.####.#......#
......####.............#
###....##...............
#.....................
#..^.#........S.......
#....#........@.......
......##..>.............
###...##...............#
#...###...............
#...# #............###
#### ...####..#.####
.### ...#.. ......#.
#..#..####


You could see an adder.


Message History

As you open the gate, it creaks loudly!
There is an open gate here.
A rat comes into view.
You see here a +0 hand axe {axe}.
The rat barely misses you. You furiously retaliate!
You headbutt the rat!
You kill the rat!
A giant cockroach comes into view.
The giant cockroach barely misses you. You furiously retaliate!
You headbutt the giant cockroach, but do no damage.
The giant cockroach bites you but does no damage.
You hit the giant cockroach but do no damage.
Your headbutt misses the giant cockroach.
You block the giant cockroach's attack.
You barely miss the giant cockroach. The giant cockroach barely misses you.
You furiously retaliate!
You headbutt the giant cockroach.
You kill the giant cockroach!
A sourceless malevolence fills the Dungeon...
You fall into a shaft and drop 1 floor!
The shaft crumbles and collapses.
A goblin and a quokka come into view.
The goblin is wielding a +1 dagger of protection.
You barely miss the quokka.
The quokka bites you but does no damage.
The quokka bites you. 😕 HP[-1]
You take 1 damage, and now have 18/19 hp.
You barely miss the quokka. You hit the goblin but do no damage.
The quokka completely misses you. You furiously retaliate!
You headbutt the quokka. The goblin hits you but does no damage.
You hit the quokka.
You kill the quokka!
You closely miss the goblin. The goblin hits you but does no damage.
The goblin hits you with a +1 dagger of protection. 😮 HP[-3]
You now have 20 max hp (+1).
You take 3 damage, and now have 15/20 hp.
The goblin closely misses you. 😕 HP[+1]
You closely miss the goblin. You block the goblin's attack.
You hit the goblin. Your headbutt misses the goblin.
The goblin closely misses you. x2; You furiously retaliate!
You headbutt the goblin. You closely miss the goblin.
The goblin hits you with a +1 dagger of protection. 😮 HP[-1]
You take 1 damage, and now have 15/20 hp.
You closely miss the goblin.
The goblin hits you but does no damage. x2
You hit the goblin.
You kill the goblin!
f - a +1 dagger of protection {short} You see here a goblin corpse.
You now have 11 gold pieces. 😕 HP[+1]
You see here 5 atropa-tipped darts {throwing}.
You see here 5 atropa-tipped darts {throwing}.
g - 5 atropa-tipped darts {throwing} 😕 HP[+1]
You see here 22 stones {throwing}.
You now have 20 gold pieces (gained 9).
An adder comes into view. 😕 HP[+1]
You miss the adder. The adder bites you but does no damage.
The adder misses you.
You closely miss the adder.
The adder bites you but does no damage. x2
You miss the adder. Your headbutt misses the adder.
You block the adder's attack. The adder bites you.
You are poisoned.
The adder poisons you! 😮 HP[-4]
You take 4 damage, and now have 14/20 hp.
You hit the adder.
You feel sick. The adder closely misses you. 😮 HP[-2]
You take 2 damage, and now have 12/20 hp.
You barely miss the adder. Your headbutt misses the adder.
You feel sick. The adder bites you.
* * * LOW HITPOINT WARNING * * *
You are more poisoned.
The adder poisons you!
The adder bites you but does no damage. 😨 HP[-2]
You take 2 damage, and now have 10/20 hp.
You closely miss the adder.
You feel sick. The adder bites you.
* * * LOW HITPOINT WARNING * * *
The adder bites you but does no damage. 😱 HP[-6]
You take 6 damage, and now have 4/20 hp.
MASSIVE DAMAGE!! (PAUSE)
You barely miss the adder. Your headbutt misses the adder.
* * * LOW HITPOINT WARNING * * *
You feel sick. The adder bites you but does no damage.
The adder closely misses you. 😱 HP[-1]
You take 1 damage, and now have 3/20 hp.
You miss the adder.
* * * LOW HITPOINT WARNING * * *
You feel sick. The adder barely misses you. You furiously retaliate!
You headbutt the adder.
The adder bites you but does no damage. 😱 HP[-2]
You take 2 damage, and now have 1/20 hp.
You miss the adder. Your headbutt misses the adder.
You die...

Action                   || total
-------------------------++-------
Melee: War axe           ||    19
Armor: Scale mail        ||    13
Dodge: Dodged            ||    11
Block: Buckler           ||     3

Levels and vault maps discovered:
D:1:      dpeg_arrival_windows_large_door, layout_loops_ring
D:2:      layout_rooms

Notes
Turn   | Place    | Note
-------+----------+-------------------------------------------
     0 | D:1      | Faeu the Minotaur Fighter began the quest for the Orb.
     0 | D:1      | Reached XP level 1. HP: 19/19 MP: 0/0
     0 | D:1      | magus.rc [v1.9.6]
    28 | D:1      | You fall into a shaft and drop 1 floor!
    90 | D:2      | HP: 4/20 [adder (4)]
    92 | D:2      | HP: 1/20 [poisoned by an adder]
    93 | D:2      | Succumbed to an adder's poison

Vanquished Creatures
  A giant cockroach (D:1)
  A goblin (D:2)
  A quokka (D:2)
  A rat (D:1)
4 creatures vanquished.

Table legend:
 A = Non-vault XP
 B = Vault XP
 C = Vault XP percentage of total XP
 D = Non-vault monster count
 E = Vault monster count
 F = Vault count percentage of total count
                 A         B        C        D         E       F
            +---------+---------+-------+---------+---------+-------
      Total |       7 |       0 |   0.0 |       4 |       0 |   0.0
            +---------+---------+-------+---------+---------+-------
        D:1 |       3 |       0 |   0.0 |       2 |       0 |   0.0
        D:2 |       4 |       0 |   0.0 |       2 |       0 |   0.0
            +---------+---------+-------+---------+---------+-------

Illustrated notes

Table legend:
 A = Kills in this place as a percentage of kills in entire the game.
 B = Kills by you in this place as a percentage of kills by you in the entire game.
 C = Kills by friends in this place as a percentage of kills by friends in the entire game.
 D = Other kills in this place as a percentage of other kills in the entire game.
 E = Experience gained in this place as a percentage of experience gained in the entire game.
 F = Experience gained in this place divided by the number of levels of this place that you have seen.
                   A       B       C       D       E      F
               +-------+-------+-------+-------+-------+----------------------
         Total | 100.0 | 100.0 |   N/A |   N/A | 100.0 |   3.5
       Dungeon | 100.0 | 100.0 |   N/A |   N/A | 100.0 |   3.5
               +-------+-------+-------+-------+-------+----------------------

Table legend: (Time is in decaauts)
 A = Elapsed time spent in this place.
 B = Non-inter-level travel time spent in this place.
 C = Inter-level travel time spent in this place.
 D = Time resting spent in this place.
 E = Time spent auto-exploring this place.
 F = Levels seen in this place.
 G = Mean time per level.
                   A        B        C        D        E       F      G
               +--------+--------+--------+--------+--------+-----+--------+
         Total |     99 |     99 |      0 |      0 |      8 |   2 |   49.5 |
       Dungeon |     99 |     99 |      0 |      0 |      8 |   2 |   49.5 |
               +--------+--------+--------+--------+--------+-----+--------+

Top non-repeatable levels by time:
     D:2: 71 daAuts
     D:1: 28 daAuts
